[gd_resource type="SpriteFrames" load_steps=42 format=2]

[ext_resource path="res://src/Enemy/Brigands/BrigandBoss/brigand_boss_attack_up.png" type="Texture" id=1]
[ext_resource path="res://src/Enemy/Brigands/BrigandBoss/brigand_boss_idle.png" type="Texture" id=2]
[ext_resource path="res://src/Enemy/Brigands/BrigandBoss/brigand_boss_walk_down.png" type="Texture" id=3]
[ext_resource path="res://src/Enemy/Brigands/BrigandBoss/brigand_boss_walk_up.png" type="Texture" id=4]
[ext_resource path="res://src/Enemy/Brigands/BrigandBoss/brigand_boss_walk_down_hammerless.png" type="Texture" id=5]
[ext_resource path="res://src/Enemy/Brigands/BrigandBoss/brigand_boss_attack_down.png" type="Texture" id=6]
[ext_resource path="res://src/Enemy/Brigands/BrigandBoss/brigand_boss_idle_hammerless.png" type="Texture" id=7]

[sub_resource type="AtlasTexture" id=1]
atlas = ExtResource( 6 )
region = Rect2( 0, 0, 80, 80 )

[sub_resource type="AtlasTexture" id=2]
atlas = ExtResource( 6 )
region = Rect2( 80, 0, 80, 80 )

[sub_resource type="AtlasTexture" id=3]
atlas = ExtResource( 6 )
region = Rect2( 160, 0, 80, 80 )

[sub_resource type="AtlasTexture" id=4]
atlas = ExtResource( 6 )
region = Rect2( 240, 0, 80, 80 )

[sub_resource type="AtlasTexture" id=5]
atlas = ExtResource( 6 )
region = Rect2( 320, 0, 80, 80 )

[sub_resource type="AtlasTexture" id=6]
atlas = ExtResource( 6 )
region = Rect2( 400, 0, 80, 80 )

[sub_resource type="AtlasTexture" id=7]
atlas = ExtResource( 6 )
region = Rect2( 480, 0, 80, 80 )

[sub_resource type="AtlasTexture" id=8]
atlas = ExtResource( 1 )
region = Rect2( 0, 0, 80, 80 )

[sub_resource type="AtlasTexture" id=9]
atlas = ExtResource( 1 )
region = Rect2( 80, 0, 80, 80 )

[sub_resource type="AtlasTexture" id=10]
atlas = ExtResource( 1 )
region = Rect2( 160, 0, 80, 80 )

[sub_resource type="AtlasTexture" id=11]
atlas = ExtResource( 1 )
region = Rect2( 240, 0, 80, 80 )

[sub_resource type="AtlasTexture" id=12]
atlas = ExtResource( 1 )
region = Rect2( 320, 0, 80, 80 )

[sub_resource type="AtlasTexture" id=13]
atlas = ExtResource( 1 )
region = Rect2( 400, 0, 80, 80 )

[sub_resource type="AtlasTexture" id=14]
atlas = ExtResource( 1 )
region = Rect2( 480, 0, 80, 80 )

[sub_resource type="AtlasTexture" id=15]
atlas = ExtResource( 2 )
region = Rect2( 0, 0, 64, 48 )

[sub_resource type="AtlasTexture" id=16]
atlas = ExtResource( 2 )
region = Rect2( 64, 0, 64, 48 )

[sub_resource type="AtlasTexture" id=17]
atlas = ExtResource( 2 )
region = Rect2( 128, 0, 64, 48 )

[sub_resource type="AtlasTexture" id=18]
atlas = ExtResource( 2 )
region = Rect2( 192, 0, 64, 48 )

[sub_resource type="AtlasTexture" id=19]
atlas = ExtResource( 7 )
region = Rect2( 0, 0, 48, 48 )

[sub_resource type="AtlasTexture" id=20]
atlas = ExtResource( 7 )
region = Rect2( 48, 0, 48, 48 )

[sub_resource type="AtlasTexture" id=21]
atlas = ExtResource( 7 )
region = Rect2( 96, 0, 48, 48 )

[sub_resource type="AtlasTexture" id=22]
atlas = ExtResource( 7 )
region = Rect2( 144, 0, 48, 48 )

[sub_resource type="AtlasTexture" id=23]
atlas = ExtResource( 3 )
region = Rect2( 0, 0, 64, 48 )

[sub_resource type="AtlasTexture" id=24]
atlas = ExtResource( 3 )
region = Rect2( 64, 0, 64, 48 )

[sub_resource type="AtlasTexture" id=25]
atlas = ExtResource( 3 )
region = Rect2( 128, 0, 64, 48 )

[sub_resource type="AtlasTexture" id=26]
atlas = ExtResource( 3 )
region = Rect2( 192, 0, 64, 48 )

[sub_resource type="AtlasTexture" id=27]
atlas = ExtResource( 5 )
region = Rect2( 0, 0, 48, 48 )

[sub_resource type="AtlasTexture" id=28]
atlas = ExtResource( 5 )
region = Rect2( 48, 0, 48, 48 )

[sub_resource type="AtlasTexture" id=29]
atlas = ExtResource( 5 )
region = Rect2( 96, 0, 48, 48 )

[sub_resource type="AtlasTexture" id=30]
atlas = ExtResource( 5 )
region = Rect2( 144, 0, 48, 48 )

[sub_resource type="AtlasTexture" id=31]
atlas = ExtResource( 4 )
region = Rect2( 0, 0, 64, 48 )

[sub_resource type="AtlasTexture" id=32]
atlas = ExtResource( 4 )
region = Rect2( 64, 0, 64, 48 )

[sub_resource type="AtlasTexture" id=33]
atlas = ExtResource( 4 )
region = Rect2( 128, 0, 64, 48 )

[sub_resource type="AtlasTexture" id=34]
atlas = ExtResource( 4 )
region = Rect2( 192, 0, 64, 48 )

[resource]
animations = [ {
"frames": [ SubResource( 1 ), SubResource( 2 ), SubResource( 3 ), SubResource( 4 ), SubResource( 5 ), SubResource( 6 ), SubResource( 7 ) ],
"loop": true,
"name": "attack_down",
"speed": 5.0
}, {
"frames": [ SubResource( 8 ), SubResource( 9 ), SubResource( 10 ), SubResource( 11 ), SubResource( 12 ), SubResource( 13 ), SubResource( 14 ) ],
"loop": true,
"name": "attack_up",
"speed": 5.0
}, {
"frames": [ SubResource( 15 ), SubResource( 16 ), SubResource( 17 ), SubResource( 18 ) ],
"loop": true,
"name": "idle",
"speed": 3.0
}, {
"frames": [ SubResource( 19 ), SubResource( 20 ), SubResource( 21 ), SubResource( 22 ) ],
"loop": true,
"name": "idle_hammerless",
"speed": 3.0
}, {
"frames": [ SubResource( 23 ), SubResource( 24 ), SubResource( 25 ), SubResource( 26 ) ],
"loop": true,
"name": "walk_down",
"speed": 3.0
}, {
"frames": [ SubResource( 27 ), SubResource( 28 ), SubResource( 29 ), SubResource( 30 ) ],
"loop": true,
"name": "walk_down_hammerless",
"speed": 3.0
}, {
"frames": [ SubResource( 31 ), SubResource( 32 ), SubResource( 33 ), SubResource( 34 ) ],
"loop": true,
"name": "walk_up",
"speed": 3.0
} ]
